 Dungeon Crawl Stone Soup version 0.28-a0-811-g00180f5fcc (webtiles) character file.

Game seed: 10440796745706122793

37 Decritt the Skirmisher (level 3, 24/24 HPs)
             Began as a Gargoyle Fighter on Nov 8, 2021.
             Quit the game on level 1 of the Dungeon.
             The game lasted 00:01:48 (1114 turns).

Decritt the Skirmisher (Gargoyle Fighter)           Turns: 1114, Time: 00:01:48

Health: 24/24      AC: 10    Str: 19    XL:     3   Next: 39%
Magic:  3/3        EV:  9    Int:  9    God:
Gold:   96         SH:  4    Dex:  9    Spells: 2/2 levels left

rFire   . . .      SeeInvis .   f - +2 mace (drain)
rCold   . . .      Faith    .   c - +0 buckler
rNeg    + . .      Spirit   .   b - +0 scale mail
rPois   ∞          Reflect  .   (no helmet)
rElec   +          Harm     .   (no cloak)
rCorr   .          Rampage  .   (no gloves)
Will    .....                   (no boots)
Stlth   ..........              (no amulet)
HPRegen 0.08/turn               (no ring)
MPRegen 0.08/turn               (no ring)

@: no status effects
A: sickness immunity, AC +3, negative energy resistance 1, electricity
resistance, torment resistance 1, petrification resistance
a: no special abilities


You were on level 1 of the Dungeon.
You visited 1 branch of the dungeon, and saw 1 of its levels.

You collected 96 gold pieces.

Inventory:

Hand Weapons
 a - a +0 flail
 f - a +2 mace of draining (weapon)
Armour
 b - a +0 scale mail (worn)
 c - a +0 buckler (worn)
Wands
 g - a wand of flame (21)
Scrolls
 e - a scroll of enchant armour {unknown}
 i - a scroll of fear {unknown}
Potions
 d - 2 potions of might
 h - a potion of curing {unknown}
 j - a potion of attraction {unknown}


   Skills:
 * Level 4.4 Fighting
 + Level 2.6 Maces & Flails
 - Level 3.2 Armour
 - Level 3.2 Shields


You had 2 spell levels left.
You didn't know any spells.
Your spell library was empty.

Dungeon Overview and Level Annotations

Branches:
Dungeon (1/15)

Altars:


Innate Abilities, Weirdness & Mutations

You are immune to sickness and miasma.
Your stone body is resilient. (AC +3)
You are immune to poison.
You resist negative energy. (rN+)
You are resistant to electric shocks. (rElec)
You are resistant to unholy torment.
You are immune to petrification.


Message History

The endoplasm quivers.
The endoplasm hits you but does no damage.
You sock the endoplasm!
You kill the endoplasm!
No target in view!
No target in view!
No target in view!
No target in view!
You see here 19 arrows.
You see here a hobgoblin corpse.
You see here a giant cockroach corpse.
A hobgoblin comes into view.
The hobgoblin shouts!
The hobgoblin barely misses you.
You hit the hobgoblin. You drain the hobgoblin.
You kill the hobgoblin!
No target in view!
No target in view!
You see here a hobgoblin corpse.
Found a spear.
You see here a +0 spear.
A dart slug comes into view.
A frilled lizard comes into view.
You hit the dart slug. You drain the dart slug.
The dart slug is almost dead.
The dart slug misses you.
You hit the dart slug.
You kill the dart slug!
You sock the frilled lizard!
You kill the frilled lizard!
No target in view!
No target in view!
A hobgoblin comes into view.
The hobgoblin shouts!
Found 23 stones.
You barely miss the hobgoblin. The hobgoblin closely misses you.
You sock the hobgoblin!
You kill the hobgoblin!
No target in view!
Are you sure you want to abandon this character and quit the game? (Confirm with "yes".)

#############
#..(.....†@.#
#.#########.# #.# #.#
#.# #######.#
###.###.......########
#....................#
#.......#####.#.####.#
#...##### #.#.#
#.########
#...#########.#.#
#........#


There were no monsters in sight!

Vanquished Creatures
  2 dart slugs (D:1)
  A bat (D:1)
  2 endoplasms (D:1)
  4 giant cockroaches (D:1)
  4 hobgoblins (D:1)
  8 jackals (D:1)
  2 ball pythons (D:1)
  4 frilled lizards (D:1)
27 creatures vanquished.

Notes
Turn   | Place    | Note
-------+----------+-------------------------------------------
     0 | D:1      | Decritt the Gargoyle Fighter began the quest for the Orb.
     0 | D:1      | Reached XP level 1. HP: 14/14 MP: 1/1
   150 | D:1      | Reached XP level 2. HP: 20/20 MP: 2/2
   209 | D:1      | Reached skill level 4 in Fighting
   508 | D:1      | Reached XP level 3. HP: 8/24 MP: 3/3
   731 | D:1      | Found a faded altar of an unknown god.
  1114 | D:1      | Quit the game

Illustrated notes

Levels and vault maps discovered:
D:1:      denvon_arrival_planthouse, layout_loops_ring,
          hellmonk_ecumenical_altar_lost_god

Skill      XL: |  1  2 |
---------------+-------+-----
Fighting       | 4 |  4.4
Maces & Flails | |  2.6
Armour         | |  3.2
Shields        | |  3.2

Action                   || total
-------------------------++-------
Melee: Flail             ||    72
       Mace              ||    14
Armor: Scale mail        ||    60
Dodge: Dodged            ||    54
Block: Buckler           ||    20

Table legend: (Time is in decaauts)
 A = Elapsed time spent in this place.
 B = Non-inter-level travel time spent in this place.
 C = Inter-level travel time spent in this place.
 D = Time resting spent in this place.
 E = Time spent auto-exploring this place.
 F = Levels seen in this place.
 G = Mean time per level.
                   A        B        C        D        E       F      G
               +--------+--------+--------+--------+--------+-----+--------+
         Total |   1139 |   1139 |      0 |      0 |    956 |   1 | 1139.0 |
       Dungeon |   1139 |   1139 |      0 |      0 |    956 |   1 | 1139.0 |
               +--------+--------+--------+--------+--------+-----+--------+

Top non-repeatable levels by time:
     D:1: 1139 daAuts
